 Dungeon Crawl Stone Soup version 0.12.2-35-g1c9f977 (webtiles) character file.

420 HoboGoblin the Slasher (level 6, -1/37 HPs)
             Began as a Tengu Gladiator on Sept 14, 2013.
             Slain by a kobold
             ... wielding a +2,+0 elven short sword
              (4 damage)
             ... in a sewer.
             The game lasted 00:04:36 (1946 turns).

HoboGoblin the Slasher (Tengu Gladiator)            Turns: 1946, Time: 00:04:36

HP  -1/37        AC  4     Str 21      XL: 6   Next: 28%
MP   7/7         EV 13     Int 10      God:
Gold 137         SH  0     Dex 14      Spells:  0 memorised,  5 levels left

Res.Fire  : . . .   See Invis. : .   a - +0 falchion
Res.Cold  : . . .   Warding    : .   b - +0 leather armour
Life Prot.: . . .   Conserve   : .   (no shield)
Res.Poison: .       Res.Corr.  : .   c - +0 cap
Res.Elec. : .       Clarity    : .   e - +0 elf cloak
Sust.Abil.: . .     Spirit.Shd : .   (no gloves)
Res.Mut.  : .       Stasis     : .   (boots unavailable)
Res.Rott. : .       Ctrl.Telep.: .   (no amulet)
Saprovore : . . .   Flight     : .   (no ring)
                                     (no ring)

@: invisible, mighty, slightly resistant to hostile enchantments, unstealthy
A: able to fly, beak, talons 3
a: Fly


You were in a sewer.
You were not hungry.

You visited 1 branch of the dungeon, and saw 3 of its levels.
You also visited: Sewer.

You collected 117 gold pieces.

Inventory:

Hand weapons
 a - a +0,+0 falchion (weapon)
Missiles
 d - 3 throwing nets (quivered)
Armour
 b - a +0 leather armour (worn)
 c - a +0 cap (worn)
 e - a +0 elven cloak (worn)
Comestibles
 f - 3 bread rations
 g - 10 grapes
 t - a meat ration
Scrolls
 h - 2 scrolls of teleportation {unknown}
 i - a scroll of enchant weapon II {unknown}
 j - a scroll of magic mapping {unknown}
 l - 5 scrolls of remove curse {unknown}
 m - 3 scrolls of identify {unknown}
 n - a scroll of fear {unknown}
Jewellery
 o - an uncursed amulet of stasis {unknown}


   Skills:
 + Level 3.3 Fighting
 * Level 5.9 Long Blades
 - Level 2.1 Throwing
 + Level 4.7 Dodging


You had 5 spell levels left.
You didn't know any spells.

Dungeon Overview and Level Annotations

Branches:
Dungeon (3/27)

Altars:
Cheibriados


Innate Abilities, Weirdness & Mutations

You can fly.
You have a beak for a mouth.
You have claws for feet.


Message History

* * * LOW HITPOINT WARNING * * *
Drink which item? (? for menu, Esc to quit)
You fade into invisibility!
It was a potion of invisibility.
The kobold completely misses you. The big kobold misses you.
The kobold barely misses you.
Drink which item? (? for menu, Esc to quit)
You feel very mighty all of a sudden.
It was a potion of might.
The kobold hits you but does no damage. The big kobold closely misses you.
The kobold misses you.
Unknown command.
You catch the helpless big kobold completely off-guard!
You slash the big kobold! You claw the big kobold!
You kill the big kobold!
You hear a splash.
You have reached level 6!
Your experience leads to an increase in your attributes!
Increase (S)trength, (I)ntelligence, or (D)exterity?
You feel clever.
The kobold hits you with an elven short sword.
You die...

#.≈≈≈..∩# #.≈≈≈.###
#.≈≈≈.# ##.≈≈≈.##
################(.≈≈≈..#
≈≈≈≈≈≈≈≈≈≈≈≈≈≈≈≈≈≈≈≈≈.≈#
################.≈≈≈≈≈≈#
#(.≈≈≈..# #@)≈≈≈≈.#
#KK≈≈≈≈≈# #≈≈≈≈≈≈.#
#.≈≈≈≈≈≈# #≈≈≈≈≈..#
#..≈≈≈..# ####.#### ..
.K.


You could see 2 kobolds.

Vanquished Creatures
  A big kobold (Sewer)
  A big fish (Sewer)
  An orc priest (D:3)
  Jessica (D:3)
  A green rat (D:3)
  An adder (D:2)
  2 worms
  3 giant mites (D:3)
  3 grey rats (Sewer)
  A giant gecko (D:2)
  An ooze (D:1)
  4 orcs
  14 bats
  6 goblins
  5 hobgoblins (D:1)
  5 jackals
  A quokka (D:3)
  4 ball pythons
  2 giant cockroaches (D:1)
  3 giant newts
  5 kobolds
  7 rats
72 creatures vanquished.

Notes
Turn   | Place    | Note
--------------------------------------------------------------
     0 | D:1      | HoboGoblin, the Tengu Gladiator, began the quest for the Orb.
     0 | D:1      | Reached XP level 1. HP: 13/13 MP: 0/0
   245 | D:1      | Reached XP level 2. HP: 18/18 MP: 2/2
   474 | D:1      | Reached XP level 3. HP: 22/22 MP: 3/3
   503 | D:1      | Reached skill level 4 in Long Blades
   854 | D:2      | Found a snail-covered altar of Cheibriados.
  1008 | D:2      | Reached XP level 4. HP: 28/28 MP: 4/4
  1373 | D:3      | Noticed Jessica
  1384 | D:3      | Killed Jessica
  1384 | D:3      | Reached skill level 5 in Long Blades
  1384 | D:3      | Reached XP level 5. HP: 27/32 MP: 6/6
  1552 | D:3      | Found a glowing drain.
  1558 | Sewer    | Entered a sewer
  1946 | Sewer    | Reached XP level 6. HP: 3/37 MP: 7/7
  1946 | Sewer    | Slain by a kobold

Action                   |  1- 3 |  4- 6 || total
-------------------------+-------+-------++-------
Melee: Falchion          |    81 |   113 ||   194
  Use: Potion            |       |     6 ||     6
 Stab: Sleeping          |     4 |       ||     4
       Invisible         |       |     1 ||     1
